 Dungeon Sprint DCSS version 0.26.1-11-gd32895ea62 (webtiles) character file.

Game seed: 723875922617167065

28689 Zeld the Hoplite (level 13, -16/208 HPs)
             Began as a Deep Dwarf Fighter on June 10, 2021.
             Was an Elder of Makhleb.
             Demolished by Dachugum the pandemonium lord (17 damage)
             ... in the Dungeon (Sprint V: "Ziggurat Sprint").
             The game lasted 00:07:55 (5555 turns).

Zeld the Hoplite (Deep Dwarf Fighter)               Turns: 5555, Time: 00:07:56

Health: -16/208    AC: 23    Str: 39      XL:     13   Next: 11%
Magic:  22/22      EV:  6    Int:  9 (10) God:    Makhleb [****..]
Gold:   4          SH: 30    Dex: 15      Spells: 12/12 levels left

rFire    . . .     SeeInvis +   z - +14 obsidian axe {vorpal, +Fly SInv *Curse} (curse)
rCold    . . .     Faith    .   l - +3 tower shield
rNeg     . . .     Spirit   .   k - +5 crystal plate armour
rPois    .         Reflect  .   A - +0 mask of the Dragon {Will+ Slay+3 SInv}
rElec    .         Harm     .   (no cloak)
rCorr    .         Rampage  .   E - +0 pair of gloves {Str+3}
Will     ++...     NoTele   +   G - +0 pair of boots of Fortification {Dex+3} (curse)
Stlth    ..........             L - amulet of magic regeneration
HPRegen  0.00/turn              w - +6 ring of strength
MPRegen  0.43/turn              x - +6 ring of strength

@: berserking, mesmerised, non-regenerating, hasted and slowed
A: damage resistance, heal wounds, sense surroundings 2, no regeneration
a: Heal Wounds, Renounce Religion, Evoke Flight, Minor Destruction, Lesser
Servant of Makhleb, Major Destruction


You were in the Dungeon.
You worshipped Makhleb.
Makhleb was greatly pleased with you.
You visited 1 branch You collected 4 gold pieces.

Inventory:

Hand Weapons
 m - a +5 vorpal broad axe
 z - the cursed +14 obsidian axe (weapon) {vorpal, +Fly SInv *Curse}
   (You found it in the Dungeon)

   It inflicts extra damage upon your enemies.
   It lets you see invisible.
   It lets you fly.
   It curses itself when equipped.
   It has a curse placed upon it.
Armour
 k - a +5 crystal plate armour (worn)
 l - a +3 tower shield (worn)
 A - the +0 mask of the Dragon (worn) {Will+ Slay+3 SInv}
   (You found it in the Dungeon)

   It affects your accuracy and damage with ranged weapons and melee attacks
   (+3).
   It affects your willpower, your defense against some magical effects.
   It lets you see invisible.
 E - a +0 pair of gloves of strength (worn)
 G - the cursed +0 pair of boots of Fortification (worn) {Dex+3}
   (You found it in the Dungeon)

   It affects your dexterity (+3).
   It has a curse placed upon it.
Jewellery
 w - a +6 ring of strength (left hand)
 x - a +6 ring of strength (right hand)
 L - an amulet of magic regeneration (around neck)
Wands
 t - a wand of disintegration (7)
 u - a wand of iceblast (7)
 v - a wand of acid (9)
Scrolls
 a - 4 scrolls of amnesia
 b - 7 scrolls of fog
 c - a scroll of holy word
 j - 4 scrolls of blinking
 n - 5 scrolls of identify
 o - 5 scrolls of remove curse
 p - 2 scrolls of fear
 B - 4 scrolls of enchant armour
 J - 4 scrolls of brand weapon
Potions
 d - 6 potions of might
 e - 10 potions of curing
 f - 14 potions of heal wounds
 g - 6 potions of haste
 h - 7 potions of magic
 q - 2 potions of brilliance
 r - a potion of invisibility
 s - 3 potions of resistance
Miscellaneous
 y - a lightning rod (4/4)
 C - a phial of floods
 D - a tin of tremorstones (2/2)
 F - a condenser vane
 H - a phantom mirror
 I - a box of beasts


   Skills:
 + Level 15.2 Fighting
 - Level 20.0 Axes
 - Level 3.2 Armour
 * Level 22.5 Shields
 + Level 15.4 Invocations


You had 12 spell levels left.
You didn't know any spells.
Your spell library was empty.

Dungeon Overview and Level Annotations

Branches:
Dungeon (1/1)

Altars:
Ashenzari
Cheibriados
Dithmenos
Elyvilon
Fedhas
Gozag
Hepliaklqana
Kikubaaqudgha
Makhleb
Nemelex Xobeh
Okawaru
Qazlal
Ru
Sif Muna
Trog
Uskayaw
Vehumet
Wu Jian
Xom
Yredelemnul
Zin
The Shining One
Beogh
Jiyva
Lugonu


Innate Abilities, Weirdness & Mutations

You are resistant to damage.
You can heal yourself by infusing magical energy.
You passively map the area around you.
You do not regenerate.


Message History

You closely miss Ossoajue. You slice Xiell!! You block Ossoajue's attack.
Xiell hits you!!
* * * LOW HITPOINT WARNING * * *
Xiell drains your vigour!
You feel as though you will be slow longer.
You block Dachugum's attack. You block the hellwing's attack.
The hellwing hits you but does no damage.
Lod Xey blinks!
You block Cilog's attack.
The red devil hits you from afar with a +0 demon trident of freezing!
* * * LOW HITPOINT WARNING * * *
The red devil freezes you.
* * * LOW HITPOINT WARNING * * *
You slice Dachugum!!
Dachugum is moderately wounded.
You miss Cilog. You slash the ice devil! You slash the hellwing!
You kill the hellwing!
Makhleb accepts your kill.
You hit Ossoajue but do no damage. You chop Xiell into pieces!!!
You block Ossoajue's attack. Dachugum engulfs you!!
You die...

© , * , © , ,,▓....8©8..
,▓..}}|)))}....▓...)[}.[)
▓...[:))):"...▓..)[:).=.
,,,,
▓.............▓.........
, ,
▓.....55......▓.........
,▓.....2455....▓.........
,
▓...554446....▓..÷..†...
,
,▓....3&&&33...▓..▓.[÷÷.▓
, , ▓5&4@&..▓ ▓.▓.▓.÷÷▓.
,, ▓ ▓▓...45▓▓ ▓..▓.....▓
, ,
▓..▓..3....▓..▓.....©...
,
,▓.............▓▓▓▓▓▓▓▓▓▓
,
,▓......©......▓....8©8..
▓▓▓▓▓▓▓▓▓▓▓▓▓▓▓..}:[)}=|
, , , , , ▓...)|)}=) * *
, , , ▓......... ©8,, , ,
▓.........


You could see Cilog, Dachugum, Lod Xey, Ossoajue, Xiell (mesmerising), a
blizzard demon, a torturous demonspawn, an orange demon, a hellwing (summoned),
an ice devil, 2 neqoxecs, a ynoxinul, 2 chaos spawn, a red devil, an iron imp
(summoned), a quasit (summoned), 6 ufetubi and a friendly ynoxinul (summoned).

Vanquished Creatures
  An ancient lich (D)
  A lich (D)
  An Executioner (D)
  Polyphemus (D)
  A death cob (D)
  2 purple draconians (D)
  A spriggan air mage (D)
  Erica (D)
  A dancing weapon (D)
  A sixfirhy (D)
  A deep elf mage (D)
  Pikel (D)
  A large abomination (D)
  5 draconians (D)
  A will-o-the-wisp (D)
  A hellion (D)
  2 hellwings (D)
  3 komodo dragons (D)
  A tormentor (D)
  2 merfolk (D)
  Prince Ribbit (D)
  A dream sheep (D)
  2 wind drakes (D)
  A wyvern (D)
  2 vampires (D)
  2 shadows (D)
  A yak (D)
  2 nagas (D)
  3 hell hounds (D)
  4 water moccasins (D)
  Purgy (D)
  A necrophage (D)
  A centaur (D)
  Blork the orc (D)
  2 bullfrogs (D)
  A crimson imp (D)
  2 quasits (D)
  An iguana (D)
  An iron imp (D)
  Jessica (D)
  A shadow imp (D)
  2 white imps (D)
  3 ufetubi (D)
  An adder skeleton (D)
  2 ball pythons (D)
  2 jackals (D)
  A giant cockroach zombie (D)
  A leopard gecko zombie (D)
73 creatures vanquished.

Vanquished Creatures (collateral kills)
  Nikola (D)
  Rupert (D)
  Frances (D)
  A vampire knight (D)
  2 hydras (D)
  A deep elf knight (D)
  A deep elf mage (D)
  Maurice (D)
  Joseph (D)
  A cane toad (D)
  2 hellions (D)
  A komodo dragon (D)
  2 red devils (D)
  3 merfolk (D)
  A blink frog (D)
  A shadow (D)
  Eustachio (D)
  Menkaure (D)
  A naga (D)
  Duvessa (D)
  A necrophage (D)
  A wolf (D)
  A centaur (D)
  2 wights (D)
  A crimson imp (D)
  Crazy Yiuf (D)
  Terence (D)
  An adder skeleton (D)
  A ball python zombie (D)
  A quokka skeleton (D)
36 creatures vanquished.

Vanquished Creatures (others)
  A bat zombie (D)
  2 foxfires (D)
3 creatures vanquished.

Grand Total: 112 creatures vanquished

Notes
Turn   | Place    | Note
-------+----------+-------------------------------------------
     0 | D        | Zeld the Deep Dwarf Fighter began the quest for the Orb.
     0 | D        | Reached XP level 1. HP: 20/20 MP: 1/1
     3 | D        | Found a blossoming altar of Fedhas.
     4 | D        | Found the +6 Majin-Bo {vamp, MP+6 Int+6}
     4 | D        | Found the +9 heavy crossbow "Sniper" {vorpal, Acc+∞ SInv}
     4 | D        | Found the +10 dark maul {vorpal}
     4 | D        | Found the +15 Maxwell's patent armour {-Cast -Tele rElec
                  | Will+ rCorr}
     4 | D        | Found the +18 shield of the Gong {rElec rN+ Will+ EV-5}
     4 | D        | Found the cursed +14 obsidian axe {vorpal, +Fly SInv
                  | *Curse}
     4 | D        | Found the +7 great mace "Firestarter" {inner flame, rF++}
     4 | D        | Found the +6 shillelagh "Devastator" {shatter}
     4 | D        | Found the +11 plutonium sword {*Contam Stlth-}
     4 | D        | Found the +8 lance "Wyrmbane" {slay drac, rPois rF+ rC+
                  | AC+3}
     4 | D        | Found the +9 sword of Zonguldrok {reap}
     4 | D        | Found the cursed +13 scythe of Curses {drain, *Curse}
     4 | D        | Found the +5 sword of Power {vorpal}
     4 | D        | Found the +7 mace of Variability {chain chaos}
     4 | D        | Found the +7 Singing Sword {vorpal, sonic wave}
     4 | D        | Found the +8 storm bow {elec, penet}
     5 | D        | Found a viscous altar of Jiyva.
     5 | D        | Found a hazy altar of Hepliaklqana.
     5 | D        | Found a transporter.
     5 | D        | Found an opulent altar of Gozag.
     5 | D        | Found an ancient bone altar of Kikubaaqudgha.
     5 | D        | Found a corrupted altar of Lugonu.
    33 | D        | Found a burning altar of Makhleb.
    34 | D        | Found a sacrificial altar of Ru.
    34 | D        | Found a stormy altar of Qazlal.
    34 | D        | Found a shimmering blue altar of Sif Muna.
    34 | D        | Found an iron altar of Okawaru.
    34 | D        | Found a bloodstained altar of Trog.
    34 | D        | Found a sparkling altar of Nemelex Xobeh.
    40 | D        | Reached skill level 6 in Shields
    40 | D        | Reached XP level 2. HP: 27/27 MP: 2/2
    97 | D        | Became a worshipper of Makhleb the Destroyer
   114 | D        | Entered arena 2.
   114 | D        | Noticed a draconian
   114 | D        | Noticed a draconian
   114 | D        | Found a transporter.
   119 | D        | Killed a draconian
   120 | D        | Reached skill level 11 in Shields
   120 | D        | Reached XP level 3. HP: 33/33 MP: 3/3
   120 | D        | Reached XP level 4. HP: 40/40 MP: 4/4
   120 | D        | Reached XP level 5. HP: 46/46 MP: 5/5
   120 | D        | Reached XP level 6. HP: 55/55 MP: 6/6
   122 | D        | Noticed a sixfirhy
   123 | D        | Killed a draconian
   124 | D        | Reached skill level 13 in Shields
   124 | D        | Reached XP level 7. HP: 61/61 MP: 7/7
   491 | D        | Entered arena 3.
   491 | D        | Found a transporter.
   494 | D        | Reached * piety under Makhleb
   508 | D        | Entered arena 4.
   508 | D        | Noticed a deep elf mage
   508 | D        | Noticed a deep elf mage
   508 | D        | Noticed a deep elf knight
   508 | D        | Noticed a +2 vorpal long sword
   508 | D        | Found a transporter.
   510 | D        | Noticed an ice devil
   510 | D        | HP: 1/61 [deep elf mage/bolt of lightning (25)]
   519 | D        | Noticed an ice devil
   520 | D        | Killed a +2 vorpal long sword
   520 | D        | Reached ** piety under Makhleb
   521 | D        | Reached skill level 5 in Fighting
   521 | D        | Reached skill level 14 in Shields
   521 | D        | Reached XP level 8. HP: 46/76 MP: 7/7
   522 | D        | Killed a deep elf knight
   523 | D        | Killed a deep elf mage
   524 | D        | Reached skill level 15 in Shields
   524 | D        | Gained mutation: You passively map the area around you.
                  | [Deep Dwarf growth]
   524 | D        | Reached XP level 9. HP: 76/87 MP: 8/8
   525 | D        | Killed a deep elf mage
   525 | D        | Reached *** piety under Makhleb
   526 | D        | Reached skill level 15 in Axes
   861 | D        | Entered arena 5.
   861 | D        | Noticed a hellwing
   861 | D        | Found a transporter.
   870 | D        | Killed a hellwing
   870 | D        | Reached **** piety under Makhleb
   873 | D        | Got the ring "Tabbyej" {Int+3 Stlth-}
  1094 | D        | Entered arena 6.
  1094 | D        | Found a transporter.
  1095 | D        | Found the +0 mask of the Dragon {Will+ Slay+3 SInv}
  1103 | D        | Got the ring of Paranoia {rPois EV+4 Dex-2 Slay+2}
  1330 | D        | Entered arena 7.
  1330 | D        | Noticed a draconian
  1330 | D        | Noticed a purple draconian
  1330 | D        | Noticed a purple draconian
  1330 | D        | Noticed a draconian
  1330 | D        | Noticed a death cob
  1330 | D        | Noticed a draconian
  1331 | D        | Found a transporter.
  1339 | D        | Killed a draconian
  1339 | D        | Reached ***** piety under Makhleb
  1340 | D        | Reached skill level 16 in Shields
  1340 | D        | Killed a death cob
  1341 | D        | Reached skill level 10 in Fighting
  1341 | D        | Reached skill level 5 in Invocations
  1341 | D        | Reached XP level 10. HP: 86/103 MP: 8/13
  1341 | D        | Killed a purple draconian
  1342 | D        | Reached skill level 17 in Shields
  1343 | D        | Killed a purple draconian
  1348 | D        | Killed a draconian
  1348 | D        | Killed a draconian
  1791 | D        | Entered arena 8.
  1792 | D        | Found a transporter.
  1795 | D        | Reached ****** piety under Makhleb
  1798 | D        | Reached XP level 11. HP: 114/114 MP: 14/16
  2186 | D        | Entered arena 9.
  2187 | D        | Identified the +1 great sword "Hithoheo" {vorpal, MP+9
                  | Stlth+}
  2187 | D        | Found a transporter.
  2192 | D        | Reached skill level 18 in Shields
  2410 | D        | Got the cursed +0 pair of boots of Fortification {Dex+3}
  2590 | D        | Entered arena 10.
  2590 | D        | Noticed an Executioner
  2591 | D        | Found a transporter.
  2598 | D        | Killed an Executioner
  2869 | D        | Entered arena 11.
  2870 | D        | Identified the +5 rapier "Zixtuevi" {freeze, rC+ Str+3
                  | Dex+2 Stlth+}
  2870 | D        | Found a transporter.
  2881 | D        | Reached skill level 10 in Invocations
  2883 | D        | Reached skill level 19 in Shields
  3022 | D        | Got the amulet "Bochafi" {Faith rC+ Str+2}
  3304 | D        | Entered arena 12.
  3307 | D        | Found the +3 giant club "Skullcrusher" {speed, Str+7}
  3315 | D        | Found a transporter.
  3727 | D        | Entered arena 13.
  3727 | D        | Noticed Polyphemus
  3727 | D        | Noticed Prince Ribbit
  3727 | D        | Noticed Pikel
  3727 | D        | Noticed Frances
  3727 | D        | Noticed Maurice
  3728 | D        | Found the macabre finger necklace {rN+}
  3728 | D        | Noticed Crazy Yiuf
  3730 | D        | Noticed Duvessa
  3731 | D        | Found the ring of the Mage {Wiz Will++ Int+3}
  3731 | D        | Found a transporter.
  3731 | D        | Noticed Purgy
  3732 | D        | Killed Prince Ribbit
  3734 | D        | Noticed a sixfirhy
  3734 | D        | Killed Frances
  3735 | D        | Killed Crazy Yiuf
  3737 | D        | Killed Maurice
  3738 | D        | Killed Pikel
  3738 | D        | Killed Duvessa
  3741 | D        | Killed Polyphemus
  3741 | D        | Killed Purgy
  3742 | D        | Reached XP level 12. HP: 105/126 MP: 19/19
  4165 | D        | Entered arena 14.
  4166 | D        | Noticed Joseph
  4166 | D        | Noticed Nikola
  4166 | D        | Noticed Erica
  4166 | D        | Noticed Terence
  4166 | D        | Noticed Jessica
  4166 | D        | Noticed Menkaure
  4167 | D        | Noticed Rupert
  4169 | D        | Identified the +4 quarterstaff of Victory {venom, rElec rF-
                  | rN+ Str+3 Dex+3}
  4169 | D        | Found the ring of the Octopus King {rC+ AC+1 EV+1 Str+1
                  | Int+1 Dex+1}
  4169 | D        | Noticed Eustachio
  4169 | D        | Identified the ring of Qaxtacve {Will- rCorr Dex+3}
  4169 | D        | Noticed Blork the orc
  4169 | D        | Killed Terence
  4172 | D        | Killed Nikola
  4173 | D        | Reached skill level 20 in Shields
  4174 | D        | Killed Joseph
  4176 | D        | Killed Erica
  4176 | D        | Killed Jessica
  4178 | D        | Killed Rupert
  4179 | D        | Found a transporter.
  4180 | D        | Killed Blork the orc
  4180 | D        | Killed Menkaure
  4182 | D        | Killed Eustachio
  4634 | D        | Entered arena 15.
  4635 | D        | Noticed a vampire knight
  4635 | D        | Noticed a lich
  4636 | D        | Noticed an ancient lich
  4636 | D        | Noticed a blizzard demon
  4647 | D        | Noticed an Ice Fiend
  4648 | D        | Killed a vampire knight
  4653 | D        | Killed a lich
  4654 | D        | Reached skill level 21 in Shields
  4656 | D        | Killed an ancient lich
  4851 | D        | Found a transporter.
  5019 | D        | Entered arena 16.
  5020 | D        | Noticed a spriggan air mage
  5020 | D        | Noticed an eight-headed hydra
  5020 | D        | Noticed a six-headed hydra
  5028 | D        | Killed a six-headed hydra
  5028 | D        | Killed a ten-headed hydra
  5029 | D        | Reached skill level 15 in Fighting
  5029 | D        | Reached skill level 22 in Shields
  5031 | D        | Reached skill level 15 in Invocations
  5031 | D        | Reached XP level 13. HP: 124/138 MP: 20/22
  5038 | D        | Found a transporter.
  5253 | D        | Entered arena 17.
  5256 | D        | Noticed an Executioner
  5534 | D        | Noticed Cilog the pandemonium lord
  5535 | D        | Noticed Ossoajue the pandemonium lord
  5535 | D        | Noticed Lod Xey the pandemonium lord
  5535 | D        | Noticed Dachugum the pandemonium lord
  5535 | D        | Noticed a blizzard demon
  5538 | D        | Noticed Xiell the pandemonium lord
  5539 | D        | Found the +7 Spriggan's Knife {stab, EV+4 Stlth+}
  5554 | D        | HP: 4/208 [red devil/+0 demon trident of freezing (7)]
  5554 | D        | HP: 1/208 [red devil/+0 demon trident of freezing (3)]
  5555 | D        | Demolished by Dachugum the pandemonium lord

Illustrated notes

Levels and vault maps discovered:
D:        sprint_v [room_start, room_1, room_2, room_3, room_4, room_5, room_6,
          room_7, room_8, room_9, room_10, room_11, room_12, room_13, room_14,
          room_15, room_16, room_17, room_18, room_19, room_20, room_21,
          room_22, room_23, room_24, room_25, room_26, room_27]

Skill      XL: |  1  2  3  4  5  6  7  8  9 10 11 12 |
---------------+-------------------------------------+-----
Axes           | 6 11 12 13 14 16 17 19 20 | 20.0
Shields        | 6 11 13 14 15 16 17 19 22 | 22.5
Fighting       | 5 7 10 12 13 15 | 15.2
Invocations    | 5 8 11 15 | 15.4
Armour         | |  3.2

Action                   |  1- 3 |  4- 6 |  7- 9 | 10-12 | 13-15 || total
-------------------------+-------+-------+-------+-------+-------++-------
Melee: Broad axe         |     3 |     4 |    27 |    72 |    21 ||   127
Invok: Greater Servant o |       |       |       |    14 |     3 ||    17
       Lesser Servant of |       |       |       |       |     2 ||     2
 Abil: Heal Wounds       |       |       |    11 |    18 |     7 ||    36
  Use: Potion            |     4 |       |     1 |       |     5 ||    10
       Scroll            |       |       |     1 |       |       ||     1
 Stab: Invisible         |     1 |     2 |       |       |       ||     3
       Distracted        |       |       |       |     1 |     1 ||     2
Armor: Crystal plate arm |     1 |     1 |    30 |    29 |    17 ||    78
Dodge: Dodged            |       |       |     2 |     7 |     2 ||    11
Block: Tower shield      |     2 |     1 |    70 |   118 |    38 ||   229
